 Dungeon Crawl Stone Soup version 0.24-a0-70-gf44d0c5 (webtiles) character file.

Game seed: 13300104006340603679

14772 Witless the Destroyer (level 11, -13/84 HPs)
             Began as a Pale Draconian Conjurer on Feb 6, 2019.
             Was a Priest of Hepliaklqana.
             Mangled by a red ugly thing (23 damage)
             ... on level 12 of the Dungeon.
             The game lasted 00:47:23 (16260 turns).

Witless the Destroyer (Pale Draconian Conjurer)    Turns: 16260, Time: 00:47:23

Health: -13/84     AC: 10    Str: 11    XL:     11   Next: 93%
Magic:  14/21      EV: 12    Int: 16    God:    Hepliaklqana [***...]
Gold:   425        SH:  2    Dex: 14    Spells: 5/24 levels left

rFire    . . .     SeeInvis .   J - +6 halberd (freeze)
rCold    + . .     Gourm    .   (shield currently unavailable)
rNeg     . . .     Faith    .   (armour unavailable)
rPois    .         Spirit   .   (helmet restricted)
rElec    .         Reflect  +   A - +2 cloak {+Inv}
rCorr    .         Harm     .   (no gloves)
MR       .....                  (no boots)
Stlth    +++.......             T - +2 amulet of reflection
HPRegen  0.24/turn              h - ring of wizardry
MPRegen  0.17/turn              Q - ring of protection from cold

@: no status effects
A: breathe steam, unfitting armour, reduced essence, cold-blooded, AC +7
a: Breathe Steam, Recall Ancestor, Ancestor Identity, Transference, Renounce
Religion, Evoke Invisibility


You were on level 12 of the Dungeon.
You worshipped Hepliaklqana.
Hepliaklqana was most pleased with you.
You were not hungry.

You visited 1 branch of the dungeon, and saw 12 of its levels.

You collected 529 gold pieces.
You spent 104 gold pieces at shops.

Inventory:

Hand Weapons
 c - a +0 club
 j - a +2 dagger of draining
 o - a +0 morningstar of venom
 J - a +6 halberd of freezing (weapon)
Missiles
 i - 428 stones (quivered)
 r - 4 steel tomahawks
 s - 11 tomahawks
Armour
 A - a +2 cloak of invisibility (worn)
 O - a +0 shield
Jewellery
 h - a ring of wizardry (left hand)
 q - an uncursed ring of resist corrosion {unknown}
 v - an uncursed ring of wizardry
 H - an uncursed ring of protection from magic
 K - an uncursed ring of poison resistance
 Q - a ring of protection from cold (right hand)
 T - a +2 amulet of reflection (around neck)
Wands
 f - a wand of acid (5)
 y - a wand of random effects (22)
 z - a wand of polymorph (12)
 D - a wand of enslavement (1)
 G - a wand of iceblast (3)
Scrolls
 e - 2 scrolls of amnesia
 g - 4 scrolls of remove curse
 n - 4 scrolls of magic mapping
 p - 2 scrolls of enchant armour
 x - 3 scrolls of teleportation
 F - 2 scrolls of fear
 I - 2 scrolls of blinking
 N - 3 scrolls of immolation
 P - 2 scrolls of identify
Potions
 a - 2 potions of heal wounds
 d - a potion of degeneration {unknown}
 k - a potion of magic {unknown}
 l - 2 potions of agility
 m - a potion of resistance {unknown}
 t - 2 potions of curing
 u - 2 potions of flight
 w - 2 potions of ambrosia
 B - 2 potions of haste
 C - 2 potions of brilliance
 E - a potion of lignification {unknown}
 M - a potion of mutation {unknown}
 R - a potion of might {unknown}
Miscellaneous
 L - a phantom mirror
 S - a lamp of fire (inert)
Comestibles
 b - 18 rations


   Skills:
 + Level 8.0 Fighting
 - Level 3.1 Short Blades
 + Level 8.5 Polearms
 - Level 1.8 Dodging
 - Level 4.1 Stealth
 * Level 7.2 Spellcasting
 * Level 9.5 Conjurations
 * Level 5.3 Hexes
 * Level 3.5 Charms
 - Level 3.0 Translocations
 - Level 6.2 Evocations


You had 5 spell levels left.
You knew the following spells:

 Your Spells              Type           Power        Failure   Level  Hunger
a - Magic Dart            Conj           ####         1%          1    None
b - Iskenderun's Mystic   Conj           #####...     1%          4    ####...
c - Fulminant Prism       Conj/Hex       ####......   2%          4    ####...
d - Force Lance           Conj/Tloc      ####....     3%          4    ####...
e - Spectral Weapon       Hex/Chrm       ###.....     2%          3    ##.....
f - Regeneration          Chrm/Necr      ##........   7%          3    ##.....

Your spell library contained the following spells:

 Spells                   Type           Power        Failure   Level  Hunger
 Infusion                 Chrm           ###.         1%          1    None
 Searing Ray              Conj           #####.       1%          2    None
 Shroud of Golubria       Chrm/Tloc      ###.......   1%          2    None
 Song of Slaying          Chrm           ###.....     1%          2    None
 Dazzling Spray           Conj/Hex       ####..       1%          3    ##.....


Dungeon Overview and Level Annotations

Branches:
Dungeon (12/15)            Temple (0/1) D:5            Lair (0/6) D:9
    Orc (0/2) D:11

Altars:
Elyvilon
Fedhas
Hepliaklqana
Kikubaaqudgha
Okawaru
Qazlal
Ru
Sif Muna
Uskayaw
Vehumet
Wu Jian
Xom
Zin

Shops:
D:6 =?

Annotations:
D:4 exclusion: downstairs


Innate Abilities, Weirdness & Mutations

You can breathe blasts of scalding, opaque steam.
Your pale cyan-grey scales are hard. (AC +7)
You cannot fit into any form of body armour.
You are cold-blooded and may be slowed by cold attacks.
Your life essence is reduced to manifest your ancestor. (-10% HP)


Message History

You closely miss the red ugly thing.
The red ugly thing is moderately wounded.
Huemac hits the red ugly thing but does no damage.
The red ugly thing bites you but does no damage.
Your fulminant prism crackles loudly.
You slash the red ugly thing! You freeze the red ugly thing.
Your tail-slap misses the red ugly thing.
The red ugly thing is moderately wounded.
The red ugly thing bites you!
You are engulfed in flames!
Huemac completely misses the red ugly thing.
Your fulminant prism explodes!
The blast of energy engulfs the red ugly thing!!
The red ugly thing is severely wounded.
You hear an angry buzzing noise.
You slash the red ugly thing! You freeze the red ugly thing.
The red ugly thing is almost dead.
The red ugly thing bites you!
* * * LOW HITPOINT WARNING * * *
You are engulfed in flames!!
You die...

#...##.#.# #......#.#
##.##.##.# #.......#
####.#### #.# #.# ##.##
##### #####...###@..#.##
####.........Ru.......
###.##.###...###........
.....#.###.### ###......
###..........# .....#
####.#.#.#.# .....#
#####.....#.# .####
#......#.##.# .#
#.###....##.#


You could see the friendly Huemac the knight and a red ugly thing.

Vanquished Creatures
  A hydra (D:11)
  2 two-headed ogres
  Nergalle (D:11)
  An ugly thing (D:11)
  2 cyclopes
  A centaur zombie (D:10)
  A centaur skeleton (D:12)
  A tengu conjurer (D:10)
  A hippogriff (D:11)
  Eustachio (D:4)
  3 yaks (D:12)
  A wyvern (D:9)
  2 vampire mosquitoes (D:11)
  A water moccasin (D:10)
  An ice beast (D:10)
  2 phantoms
  4 orc warriors
  A sky beast (D:10)
  A necrophage (D:9)
  4 ogres
  4 centaurs
  A crocodile (D:9)
  A big kobold (D:9)
  5 bullfrogs
  3 scorpions
  4 wights
  A howler monkey (D:6)
  2 crimson imps
  A bullfrog skeleton (D:5)
  11 orc wizards
  3 hounds
  Crazy Yiuf (D:4)
  12 orc priests
  Ijyb (D:5)
  Terence (D:2)
  3 iguanas
  7 worker ants
  A hound zombie (D:8)
  13 adders
  9 gnolls
  A shadow imp (D:5)
  2 oozes
  An adder skeleton (D:7)
  3 worms (D:2)
  4 dart slugs
  4 leopard geckos
  44 orcs
  5 giant cockroaches
  8 goblins
  11 hobgoblins
  9 jackals
  4 quokkas
  6 bats
  7 frilled lizards
  A jackal skeleton (D:3)
  9 kobolds
  A quokka skeleton (D:7)
  8 rats
244 creatures vanquished.

Vanquished Creatures (collateral kills)
  A hydra (D:11)
  2 two-headed ogres
  A centaur skeleton (D:8)
  A troll (D:10)
  3 hippogriffs (D:11)
  2 yaks (D:12)
  Menkaure (D:7)
  2 ice beasts
  An orc warrior (D:10)
  2 sky beasts
  A necrophage (D:11)
  An ogre (D:7)
  2 centaurs
  A big kobold (D:10)
  Blork the orc (D:4)
  11 wights
  A howler monkey (D:11)
  A crimson imp (D:12)
  2 jellies
  5 orc priests
  2 hounds
  A bullfrog skeleton (D:4)
  An iguana (D:8)
  3 worker ants
  A worker ant zombie (D:8)
  2 gnolls (D:3)
  A howler monkey skeleton (D:5)
  2 adders
  A worm (D:5)
  A leopard gecko (D:4)
  17 orcs
  A giant cockroach (D:6)
  3 jackals
  A quokka (D:11)
  A ball python (D:3)
  3 bats
  A frilled lizard (D:2)
  6 kobolds
  A leopard gecko skeleton (D:4)
  A leopard gecko zombie (D:5)
  A quokka zombie (D:8)
93 creatures vanquished.

Vanquished Creatures (others)
  A centaur skeleton (D:8)
  An orc wizard (D:9)
  An adder (D:9)
  4 knights
  4 ancestors
  19 fulminant prisms
  A withered plant (D:6)
31 creatures vanquished.

Grand Total: 368 creatures vanquished

Notes
Turn   | Place    | Note
-------+----------+-------------------------------------------
     0 | D:1      | Witless the Draconian Conjurer began the quest for the Orb.
     0 | D:1      | Reached XP level 1. HP: 14/14 MP: 3/3
   248 | D:1      | Reached XP level 2. HP: 20/20 MP: 0/5
   869 | D:1      | Reached XP level 3. HP: 23/26 MP: 6/6
  1414 | D:2      | Reached skill level 5 in Conjurations
  1498 | D:2      | Reached XP level 4. HP: 33/34 MP: 7/7
  1586 | D:2      | Noticed Terence
  1596 | D:2      | Killed Terence
  1607 | D:2      | Reached skill level 1 in Short Blades
  1766 | D:2      | Found a hazy altar of Hepliaklqana.
  1774 | D:2      | Became a worshipper of Hepliaklqana the Forgotten
  1812 | D:2      | Reached skill level 1 in Fighting
  2210 | D:2      | Reached XP level 5. HP: 35/36 MP: 8/8
  2710 | D:3      | Reached XP level 6. HP: 24/43 MP: 9/9
  3142 | D:3      | Found a hide-covered altar of Uskayaw.
  3202 | D:3      | Found an ornate altar of the Wu Jian Council.
  3708 | D:4      | Reached * piety under Hepliaklqana
  4191 | D:4      | Noticed Eustachio
  4202 | D:4      | Killed Eustachio
  4202 | D:4      | Reached skill level 6 in Conjurations
  4202 | D:4      | Your scales start taking on a pale cyan-grey colour.
  4202 | D:4      | Reached XP level 7. HP: 29/51 MP: 9/11
  4334 | D:4      | Learned a level 4 spell: Iskenderun's Mystic Blast
  4550 | D:4      | Noticed Blork the orc
  4556 | D:4      | Killed Blork the orc
  5058 | D:4      | Found a runed translucent door.
  5059 | D:4      | Noticed Crazy Yiuf
  5136 | D:4      | Killed Crazy Yiuf
  5242 | D:5      | Entered Level 5 of the Dungeon
  5245 | D:5      | Found a staircase to the Ecumenical Temple.
  5457 | D:5      | Noticed Ijyb
  5465 | D:5      | Killed Ijyb
  5550 | D:5      | Found an iron altar of Okawaru.
  5565 | D:5      | Reached ** piety under Hepliaklqana
  5574 | D:5      | Reached skill level 1 in Evocations
  5628 | D:5      | Reached XP level 8. HP: 38/60 MP: 1/13
  5950 | D:5      | Reached skill level 5 in Fighting
  6197 | D:5      | Found a sacrificial altar of Ru.
  6276 | D:5      | Remembered your ancestor Huemac as a knight
  6355 | D:6      | HP: 2/61 [orc priest/divine providence (14)]
  6856 | D:6      | Found Eseok's Magic Scroll Boutique.
  6868 | D:6      | Bought a scroll of blinking for 82 gold pieces
  6868 | D:6      | Bought a scroll of identify for 22 gold pieces
  6877 | D:6      | Learned a level 4 spell: Fulminant Prism
  6911 | D:6      | Reached skill level 7 in Conjurations
  7073 | D:6      | Found an ancient bone altar of Kikubaaqudgha.
  7076 | D:6      | Found a blossoming altar of Fedhas.
  7165 | D:6      | Reached skill level 1 in Hexes
  7738 | D:6      | Reached XP level 9. HP: 67/67 MP: 12/16
  7852 | D:6      | Found a shimmering altar of Xom.
  7866 | D:6      | Reached skill level 5 in Spellcasting
  8049 | D:6      | Found Xaqiu's Jewellery Emporium.
  8668 | D:6      | Learned a level 4 spell: Force Lance
  8707 | D:7      | Noticed Menkaure
  8712 | D:7      | Killed Menkaure
  8805 | D:7      | Reached *** piety under Hepliaklqana
  8895 | D:7      | Found a white marble altar of Elyvilon.
  8900 | D:7      | Reached skill level 1 in Polearms
  9130 | D:7      | Reached skill level 1 in Translocations
  9177 | D:7      | Found a stormy altar of Qazlal.
  9405 | D:7      | Reached skill level 8 in Conjurations
  9598 | D:8      | Noticed a two-headed ogre
  9608 | D:8      | Killed a two-headed ogre
  9711 | D:8      | Reached XP level 10. HP: 69/75 MP: 18/18
  9947 | D:8      | Found a glowing silver altar of Zin.
 10018 | D:8      | Reached **** piety under Hepliaklqana
 10338 | D:8      | Found a radiant altar of Vehumet.
 10561 | D:9      | Noticed a cyclops
 10563 | D:9      | Noticed a two-headed ogre
 10571 | D:9      | Killed a two-headed ogre
 10577 | D:9      | Killed a cyclops
 10577 | D:9      | Reached skill level 5 in Polearms
 10577 | D:9      | Reached skill level 5 in Evocations
 10887 | D:9      | Found a staircase to the Lair.
 11081 | D:9      | Found a deep blue altar of Sif Muna.
 11097 | D:9      | Learned a level 3 spell: Spectral Weapon
 11184 | D:10     | Entered Level 10 of the Dungeon
 11400 | D:9      | Noticed a two-headed ogre
 12204 | D:9      | Reached skill level 1 in Charms
 12304 | D:9      | Reached ***** piety under Hepliaklqana
 12567 | D:10     | Killed a two-headed ogre
 12968 | D:10     | Reached XP level 11. HP: 82/82 MP: 20/20
 14088 | D:11     | Noticed a two-headed ogre
 14102 | D:11     | HP: 1/82 [two-headed ogre/+0 giant club (5)]
 14105 | D:11     | Killed a two-headed ogre
 14105 | D:11     | Reached skill level 9 in Conjurations
 14591 | D:11     | Noticed a seven-headed hydra
 14598 | D:11     | Killed a seven-headed hydra
 15018 | D:11     | Found a staircase to the Orcish Mines.
 15105 | D:11     | Noticed an eight-headed hydra
 15108 | D:11     | Killed an eight-headed hydra
 15248 | D:11     | Learned a level 3 spell: Regeneration
 15269 | D:11     | Noticed a red ugly thing
 15279 | D:11     | Killed a red ugly thing
 15600 | D:11     | Noticed Nergalle
 15617 | D:11     | Noticed a spectral orc warlord
 15621 | D:11     | Killed Nergalle
 15621 | D:11     | Reached skill level 5 in Hexes
 16253 | D:12     | Noticed a red ugly thing
 16260 | D:12     | Mangled by a red ugly thing

Vault maps used:
D:1:      lightli_arrival_boilingwater, layout_basic
D:2:      layout_loops_corners, lemuel_round_altar, uniq_terence
D:3:      layout_rooms, overflow_temple_1_default, lemuel_crystal_altar,
          serial_bayou, serial_bayou_pond_e, serial_bayou_shore_a,
          serial_bayou_pond_b, serial_bayou_lagoon_a
D:4:      layout_cave_pools, uniq_blork_the_orc, uniq_crazy_yiuf_cottage,
          uniq_eustachio
D:5:      layout_cave_pools, lemuel_coloured_pillars_altar,
          minmay_temple_entry_grid, first_ration, okawaru_gym_becter, uniq_ijyb
D:6:      nicolae_whirlpool, layout_basic,
          grunt_temple_overflow_growth_and_decay, xom_teletrap_fun,
          serial_shops, nicolae_shop_behind_doors, shop
D:7:      layout_basic, elyvilon_altar_5, kennysheep_mini_moat, uniq_menkaure
D:8:      lemuel_ice_spiral_2, layout_basic, zin_scriptorium,
          fiery_altar_vehumet
D:9:      layout_small_grid, led_sif_book, lair_entry_dummy
D:10:     layout_basic, serial_co_window_serial, co_window_paths_a,
          co_window_paths_b, co_window_paths_a, co_window_corner_a,
          co_window_corner_a, co_window_paths_a, co_window_of_opportunity_a,
          co_window_paths_a, co_window_paths_b, co_window_of_opportunity_b,
          co_window_corner_b, co_window_corner_cb, co_window_4corner_b,
          grunt_tengu_nest
D:11:     layout_cave_pods, david_orc_3, uniq_nergalle
D:12:     layout_loops_cross

Skill      XL: |  1  2  3  4  5  6  7  8  9 10 11 |
---------------+----------------------------------+-----
Conjurations   | 5 6 7 8 9 |  9.5
Stealth        | 2 3 4 |  4.1
Short Blades   | 1 2 3 |  3.1
Fighting       | 1 3 4 6 7 8 |  8.0
Spellcasting   | 3 4 5 6 7 |  7.2
Evocations     | 1 3 4 5 6 |  6.2
Hexes          | 1 2 4 5 |  5.3
Polearms       | 3 6 8 |  8.5
Translocations | 2 3 |  3.0
Charms         | 1 3 |  3.5
Dodging        | |  1.8

Action                   |  1- 3 |  4- 6 |  7- 9 | 10-12 || total
-------------------------+-------+-------+-------+-------++-------
Melee: Club              |    37 |       |       |       ||    37
       Dagger            |    38 |    23 |       |       ||    61
       Tailslap          |     4 |    21 |    20 |    23 ||    68
       Morningstar       |       |   117 |   125 |       ||   242
       Halberd           |       |       |   109 |   284 ||   393
 Cast: Magic Dart        |    20 |    15 |    32 |    13 ||    80
       Iskenderun's Myst |       |       |     9 |       ||     9
       Fulminant Prism   |       |       |     4 |    15 ||    19
       Force Lance       |       |       |       |     4 ||     4
       Spectral Weapon   |       |       |       |     2 ||     2
Invok: Recall Ancestor   |       |     1 |       |     1 ||     2
       Ancestor Life: Kn |       |       |     1 |       ||     1
 Abil: Breathe Steam     |       |       |     1 |     2 ||     3
       Evoke Invisibilit |       |       |       |     6 ||     6
Evoke: Wand              |       |       |       |     5 ||     5
       Lamp of fire      |       |       |       |     1 ||     1
  Use: Scroll            |       |       |     7 |    17 ||    24
       Potion            |       |       |       |     2 ||     2
 Stab: Sleeping          |     1 |     3 |     9 |    12 ||    25
       Distracted        |       |     1 |     2 |     1 ||     4
       Invisible         |       |       |       |     6 ||     6
  Eat: Chunk             |     2 |     9 |    21 |    19 ||    51
       Ration            |       |       |       |     2 ||     2
Armor: Skin              |    18 |    47 |    80 |    90 ||   235
Dodge: Dodged            |    51 |   145 |   151 |   165 ||   512
Block: Other             |       |       |       |     1 ||     1

Table legend:
 A = Non-vault XP
 B = Vault XP
 C = Vault XP percentage of total XP
 D = Non-vault monster count
 E = Vault monster count
 F = Vault count percentage of total count
                 A         B        C        D         E       F
            +---------+---------+-------+---------+---------+-------
      Total |   18785 |    2318 |  11.0 |     318 |      21 |   6.2
            +---------+---------+-------+---------+---------+-------
        D:1 |      57 |       0 |   0.0 |      27 |       0 |   0.0
        D:2 |     238 |      36 |  13.1 |      28 |       1 |   3.4
        D:3 |      93 |      40 |  30.1 |      22 |       5 |  18.5
        D:4 |     291 |     340 |  53.9 |      20 |       3 |  13.0
        D:5 |     623 |      36 |   5.5 |      25 |       1 |   3.8
        D:6 |    1414 |     335 |  19.2 |      37 |       3 |   7.5
        D:7 |     528 |     172 |  24.6 |      29 |       1 |   3.3
        D:8 |    1770 |       0 |   0.0 |      21 |       0 |   0.0
        D:9 |    2940 |      82 |   2.7 |      32 |       2 |   5.9
       D:10 |    2522 |     303 |  10.7 |      19 |       1 |   5.0
       D:11 |    6071 |     974 |  13.8 |      46 |       4 |   8.0
       D:12 |    2238 |       0 |   0.0 |      12 |       0 |   0.0
            +---------+---------+-------+---------+---------+-------
